 Dungeon Crawl Stone Soup version 0.23.2-1-ga50397a6bc (webtiles) character file.

Game seed: 8904170126952285571

81 MisterOstroum the Sneak (level 4, -3/21 HPs)
             Began as a Spriggan Enchanter on Mar 26, 2019.
             Slain by a wyvern zombie (8 damage)
             ... on level 3 of the Dungeon on Apr 15, 2019.
             The game lasted 00:13:32 (3104 turns).

MisterOstroum the Sneak (Spriggan Enchanter)        Turns: 3104, Time: 00:13:33

Health: -3/21      AC:  2    Str:  4    XL:     4   Next: 20%
Magic:  5/10       EV: 18    Int: 17    God:
Gold:   139        SH:  0    Dex: 16    Spells: 1/10 levels left

rFire    . . .     SeeInvis +   a - +1 dagger
rCold    . . .     Gourm    .   (shield restricted)
rNeg     . . .     Faith    .   b - +0 robe
rPois    .         Spirit   .   (helmet restricted)
rElec    .         Reflect  .   (no cloak)
rCorr    .         Harm     +   (gloves unavailable)
MR       .....                  (boots unavailable)
Stlth    +++.......             j - amulet of harm
HPRegen  0.07/turn              (no ring)
MPRegen  0.12/turn              (no ring)

@: very quick
A: very small, unfitting armour, see invisible, herbivore, speed 3, slow
metabolism 2
a: no special abilities


You were on level 3 of the Dungeon.
You were not hungry.

You visited 1 branch of the dungeon, and saw 3 of its levels.

You collected 139 gold pieces.

Inventory:

Hand Weapons
 a - a +1 dagger (weapon)
Missiles
 d - 45 stones (quivered)
Armour
 b - a +0 robe (worn)
Jewellery
 j - an amulet of harm (around neck)
Wands
 o - a wand of paralysis (8)
Scrolls
 c - a scroll of remove curse {unknown}
 g - a scroll of immolation {unknown}
 h - a scroll of identify {unknown}
 i - a scroll of amnesia {unknown}
 k - a scroll of enchant armour {unknown}
 m - 2 scrolls of enchant weapon {unknown}
 p - a scroll of fear {unknown}
Potions
 f - a potion of might {unknown}
 l - a potion of mutation {unknown}
 n - a potion of ambrosia {unknown}
Comestibles
 e - 3 rations


   Skills:
 + Level 1.2 Short Blades
 - Level 3.0 Dodging
 * Level 5.9 Stealth
 + Level 3.8 Spellcasting
 + Level 4.5 Hexes


You had one spell level left.
You knew the following spells:

 Your Spells              Type           Power        Failure   Level  Hunger
a - Ensorcelled Hibernat  Hex/Ice        ##....       10%         2    ##.....
b - Confuse               Hex            ###.....     8%          3    ###....
c - Tukima's Dance        Hex            ###.....     8%          3    ###....
d - Corona                Hex            ###....      2%          1    None

Your spell library contained the following spells:

 Spells                   Type           Power        Failure   Level  Hunger
 Dazzling Spray           Conj/Hex       ##....       19%         3    ###....


Dungeon Overview and Level Annotations

Branches:
Dungeon (3/15)

Altars:
Cheibriados
Fedhas
Vehumet
Wu Jian
The Shining One

Annotations:
D:2 exclusion: oklob plant


Innate Abilities, Weirdness & Mutations

You are very small and have problems with some larger weapons.
You are too small for most types of armour.
You have supernaturally acute eyesight. (SInv)
You are a herbivore.
You cover ground extremely quickly.
You need to consume almost no food.


Message History

The wyvern zombie is almost destroyed.
The gnoll barely misses you. The gnoll closely misses you.
The wyvern zombie barely misses you.
You hit the wyvern zombie.
The wyvern zombie is almost destroyed.
The wyvern zombie bites you!
* * * LOW HITPOINT WARNING * * *
The gnoll closely misses you. x2
You are too injured to fight recklessly!
You are too injured to fight recklessly!
You are too injured to fight recklessly!
You are too injured to fight recklessly!
You are too injured to fight recklessly!
Unknown command.
Unknown command.
You are too injured to fight recklessly!
Unknown command.
You are too injured to fight recklessly!
The wyvern zombie seems less confused.
The wyvern zombie bites you!
You die... .# .≈≈ .# ≈≈≈ .. ♣≈ .# ♣≈ #r# . ♣♣♣≈ gg#

.≈≈≈≈≈ ##g#
.≈≈.. ###@Z#
#.## ####...##
...
#######....###
..#####
........####
)......
..#####....###
.#####
####...## #..
#..## ###..#
.. #....
##.###.# #..##
#..#.. #..#.


You could see 3 gnolls, a wyvern zombie and a rat.

Vanquished Creatures
  2 adders
  3 worms
  4 dart slugs
  4 bats
  5 giant cockroaches
  5 goblins
  4 hobgoblins (D:1)
  10 kobolds
  2 quokkas (D:3)
  4 frilled lizards
  6 rats
  2 fungi (D:2)
51 creatures vanquished.

Notes
Turn   | Place    | Note
-------+----------+-------------------------------------------
     0 | D:1      | MisterOstroum the Spriggan Enchanter began the quest for
                  | the Orb.
     0 | D:1      | Reached XP level 1. HP: 9/9 MP: 5/5
   138 | D:1      | Reached XP level 2. HP: 4/13 MP: 4/6
   457 | D:1      | Reached skill level 5 in Stealth
   496 | D:1      | Learned a level 2 spell: Ensorcelled Hibernation
  1655 | D:1      | Reached XP level 3. HP: 15/16 MP: 8/8
  1851 | D:2      | Found an ornate altar of the Wu Jian Council.
  1909 | D:2      | Found a radiant altar of Vehumet.
  2082 | D:2      | Learned a level 3 spell: Confuse
  2086 | D:2      | Learned a level 3 spell: Tukima's Dance
  2187 | D:2      | Found a blossoming altar of Fedhas.
  2202 | D:2      | Noticed an oklob plant
  2265 | D:2      | Found a glowing golden altar of the Shining One.
  2625 | D:3      | Found a snail-covered altar of Cheibriados.
  2946 | D:3      | Reached XP level 4. HP: 21/21 MP: 3/10
  3081 | D:3      | Upgraded the game from 0.23.1-37-gaa34b87b72 to 0.23.2
  3081 | D:3      | Upgraded the game from 0.23.2 to 0.23.2-1-ga50397a6bc
  3104 | D:3      | Slain by a wyvern zombie

Skill      XL: |  1  2 |
---------------+-------+-----
Stealth        | 5 |  5.9
Spellcasting   | 3 |  3.8
Hexes          | 4 |  4.5
Short Blades   | |  1.2
Dodging        | |  3.0

Action                   |  1- 3 |  4- 6 || total
-------------------------+-------+-------++-------
Melee: Dagger            |   279 |    13 ||   292
Throw: Stone             |     3 |     2 ||     5
 Cast: Corona            |     2 |       ||     2
       Ensorcelled Hiber |    20 |     1 ||    21
       Confuse           |     1 |     2 ||     3
 Stab: Sleeping          |    27 |     4 ||    31
       Confused          |       |     2 ||     2
  Eat: Ration            |     1 |       ||     1
Armor: Robe              |     5 |     1 ||     6
Dodge: Dodged            |    99 |    10 ||   109
